 Dungeon Crawl Stone Soup version 0.21-a0-213-gae198ad (webtiles) character file.

23 Nvm9 the Skirmisher (level 2, 0/24 HPs)
             Began as a Demonspawn Fighter on Aug 22, 2017.
             Slain by a worm (9 damage)
             ... on level 2 of the Dungeon.
             The game lasted 00:00:46 (799 turns).

Nvm9 the Skirmisher (Demonspawn Fighter)             Turns: 799, Time: 00:00:47

Health: 0/24       AC:  6    Str: 16    XL:     2   Next: 75%
Magic:  2/2        EV:  6    Int:  9    God:
Gold:   84         SH:  8    Dex: 12    Spells: 1/1 levels left

rFire    . . .     SeeInvis .   a - +0 war axe
rCold    . . .     Gourm    .   c - +0 shield
rNeg     . . .     Faith    .   b - +0 scale mail
rPois    .         Spirit   .   (no helmet)
rElec    .         Reflect  .   (no cloak)
rCorr    .         Harm     .   (no gloves)
MR       .....                  (no boots)
Stlth    ..........             (no amulet)
HPRegen  0.08/turn              (no ring)
MPRegen  0.08/turn              (no ring)

@: no status effects
A: demonic guardian 1
a: no special abilities


You were on level 2 of the Dungeon.
You were not hungry.

You visited 1 branch of the dungeon, and saw 2 of its levels.

You collected 84 gold pieces.

Inventory:

Hand Weapons
 a - a +0 war axe (weapon)
Armour
 b - a +0 scale mail (worn)
 c - a +0 shield (worn)
Scrolls
 e - a scroll of immolation {unknown}
 l - 2 scrolls of teleportation {unknown}
 m - a scroll of amnesia {unknown}
 n - a scroll of enchant weapon {unknown}
 p - a scroll of blinking {unknown}
 q - a scroll of magic mapping {unknown}
Potions
 d - a potion of might
 h - a potion of cancellation {unknown}
 j - a potion of heal wounds {unknown}
 o - a potion of flight {unknown}
Comestibles
 f - a bread ration
 g - a meat ration
 i - a royal jelly
 k - 4 fruits


   Skills:
 + Level 3.2 Fighting
 + Level 2.1 Axes
 * Level 3.1 Armour
 + Level 2.9 Shields


You had one spell level left.
You didn't know any spells.

Dungeon Overview and Level Annotations

Branches:
Dungeon (2/15)

Altars:


Innate Abilities, Weirdness & Mutations

A weak demonic guardian rushes to your aid.


Message History

You are too injured to fight recklessly!
You are too injured to fight recklessly!
You are too injured to fight recklessly!
You are too injured to fight recklessly!
You are too injured to fight recklessly!
You are too injured to fight recklessly!
You are too injured to fight recklessly!
You are too injured to fight recklessly!
You are too injured to fight recklessly!
You are too injured to fight recklessly!
You are too injured to fight recklessly!
You are too injured to fight recklessly!
You are too injured to fight recklessly!
You are too injured to fight recklessly!
You are too injured to fight recklessly!
You are too injured to fight recklessly!
You hit the worm but do no damage.
The worm is heavily wounded.
The worm bites you!
You die...

..........^..#. ########.....
.............#.# .............
###..........#.########..........
#....................##..........
#.####...............##..........
#.####...............##..........
#...............†....##..........
#####................###########.
#.........).@....# ........#.
#..(.####..w.....# ........#.
#########........# ........#.
........(......# ..........
..................##.......
..................##.......
..................##.......
..................##.......
..................#########


You could see a worm.

Vanquished Creatures
  An ooze (D:1)
  3 bats
  3 goblins (D:1)
  A hobgoblin (D:1)
  2 kobolds
  2 frilled lizards
  8 rats
20 creatures vanquished.

Notes
Turn   | Place    | Note
-------+----------+-------------------------------------------
     0 | D:1      | Nvm9 the Demonspawn Fighter began the quest for the Orb.
     0 | D:1      | Reached XP level 1. HP: 18/18 MP: 1/1
    95 | D:1      | Gained mutation: A weak demonic guardian rushes to your aid. [demonic ancestry]
    95 | D:1      | Reached XP level 2. HP: 24/24 MP: 2/2
   799 | D:2      | Slain by a worm

Vault maps used:
D:1:      ncdulo_wetmaze
D:2:      nicolae_gozag_seed_capital, marbit_many_paths

Skill      XL: |  1  2 |
---------------+-------+-----
Armour         | 3 |  3.1
Axes           | 2 |  2.1
Fighting       | |  3.2
Shields        | |  2.9

Action                   || total
-------------------------++-------
Melee: War axe           ||    66
Armor: Scale mail        ||    34
Dodge: Dodged            ||    25
Block: Shield            ||    29

Table legend:
 A = Spawn XP
 B = Non-spawn XP
 C = Spawn XP percentage of total XP
 D = Spawn monster count
 E = Non-spawn monster count
 F = Spawn count percentage of total count
 G = Total turns spent on level
                    A         B        C        D         E        F      G
               +---------+---------+-------+---------+---------+-------+---------
         Total |       5 |      29 |  14.7 |       3 |      17 |  15.0 |   799
               +---------+---------+-------+---------+---------+-------+---------
           D:1 |       5 |      24 |  17.2 |       3 |      13 |  18.8 |   568
           D:2 |       0 |       5 |   0.0 |       0 |       4 |   0.0 |   231
               +---------+---------+-------+---------+---------+-------+---------
